 Dungeon Crawl Stone Soup version 0.25.0-33-gff14898491 (webtiles) character file.

Game seed: 14398370015017788583

296 Peloso the Shield-Bearer (level 6, -1/48 HPs)
             Began as a Demonspawn Fighter on July 6, 2020.
             Killed by nerve-wracking pain
             ... invoked by Grinder
              (9 damage)
             ... on level 3 of the Dungeon.
             The game lasted 00:04:27 (2556 turns).

Peloso the Shield-Bearer (Demonspawn Fighter)       Turns: 2556, Time: 00:04:28

Health: -1/48      AC: 13    Str: 19    XL:     6   Next: 12%
Magic:  6/6        EV:  7    Int:  9    God:
Gold:   78         SH:  9    Dex: 12    Spells: 5/5 levels left

rFire    . . .     SeeInvis .   a - +0 long sword
rCold    . . .     Gourm    .   c - +0 kite shield
rNeg     . . .     Faith    .   j - +0 scale mail
rPois    .         Spirit   .   (no helmet)
rElec    .         Reflect  .   (no cloak)
rCorr    .         Harm     .   (no gloves)
MR       .....                  (no boots)
Stlth    ..........             (no amulet)
HPRegen  0.16/turn              (no ring)
MPRegen  0.10/turn              (no ring)

@: mighty, sanguine armour
A: spiny 2, rot immunity, sanguine armour 1
a: no special abilities


You were on level 3 of the Dungeon.
You were not hungry.

You visited 1 branch of the dungeon, and saw 3 of its levels.

You collected 78 gold pieces.

Inventory:

Hand Weapons
 a - a +0 long sword (weapon)
 b - a +1 spear of venom
Armour
 c - a +0 kite shield (worn)
 j - a +0 scale mail (worn)
Wands
 o - a wand of digging (5)
Scrolls
 e - 2 scrolls of immolation {unknown}
 h - a scroll of fog {unknown}
 k - 3 scrolls of enchant weapon {unknown}
 n - 2 scrolls of identify {unknown}
 p - a scroll of amnesia {unknown}
Potions
 d - a potion of might
 g - a potion of resistance {unknown}
 i - 2 potions of haste {unknown}
 l - 2 potions of cancellation {unknown}
 m - a potion of heal wounds {unknown}
 r - a potion of curing {unknown}
Comestibles
 f - 4 rations
 q - 4 chunks of flesh


   Skills:
 + Level 3.7 Fighting
 + Level 3.6 Long Blades
 + Level 3.7 Armour
 + Level 1.1 Dodging
 + Level 0.2 Stealth
 + Level 3.9 Shields


You had 5 spell levels left.
You didn't know any spells.
Your spell library was empty.

Dungeon Overview and Level Annotations

Branches:
Dungeon (3/15)

Altars:
Ashenzari
Dithmenos
Gozag
Ru
Vehumet

Annotations:
D:3 Grinder


Innate Abilities, Weirdness & Mutations

You are mostly covered in sharp spines.
You are immune to rotting.
When seriously injured, your bleeding wounds create armour. (AC +6)


Message History

Grinder is severely wounded.
Grinder gestures at you. Pain shoots through your body!
* * * LOW HITPOINT WARNING * * *
Grinder is struck by your spines. Grinder hits you but does no damage.
Unknown command.
You feel very mighty all of a sudden. You block Grinder's attack.
Unknown command.
You completely miss Grinder.
Grinder is almost dead.
Grinder blinks!
Unknown command.
Grinder gestures at you.
You barely resist. You barely miss Grinder.
Grinder is almost dead.
Grinder gestures at you. Pain shoots through your body!
You die...

.. .....#.....##... ..
......#........... ..
.......<........... ..
................... ..
..............(..# ..###
.................# ....#
#+##......5........
#.#.###.........@........
........#......##.......#
.....##.#......##.......#
.....##.#...........##+##
........#.†.........#
................!...#
...............?#.###
......###.......#.#
......# #.......#.#


You could see Grinder.

Vanquished Creatures
  Sigmund (D:3)
  Robin (D:2)
  4 gnolls
  3 adders (D:2)
  A worm (D:2)
  2 leopard geckos
  5 giant cockroaches
  8 goblins
  7 hobgoblins
  6 jackals (D:2)
  5 kobolds
  A ball python (D:1)
  3 bats
  4 frilled lizards
  6 rats
57 creatures vanquished.

Notes
Turn   | Place    | Note
-------+----------+-------------------------------------------
     0 | D:1      | Peloso the Demonspawn Fighter began the quest for the Orb.
     0 | D:1      | Reached XP level 1. HP: 18/18 MP: 1/1
   459 | D:1      | Gained mutation: You are partially covered in sharp spines.
                  | [demonic ancestry]
   459 | D:1      | Reached XP level 2. HP: 21/24 MP: 2/2
  1204 | D:2      | Gained mutation: You are mostly covered in sharp spines.
                  | [demonic ancestry]
  1204 | D:2      | Reached XP level 3. HP: 29/29 MP: 3/3
  1469 | D:2      | Gained mutation: You are immune to rotting. [demonic
                  | ancestry]
  1469 | D:2      | Reached XP level 4. HP: 35/35 MP: 4/4
  2234 | D:2      | Noticed Robin
  2252 | D:2      | Killed Robin
  2300 | D:2      | Found a shadowy altar of Dithmenos.
  2301 | D:2      | Found an opulent altar of Gozag.
  2303 | D:2      | Found a sacrificial altar of Ru.
  2329 | D:2      | Found a radiant altar of Vehumet.
  2329 | D:2      | Found a shattered altar of Ashenzari.
  2446 | D:3      | Found an opulent altar of Gozag.
  2452 | D:3      | Noticed Sigmund
  2462 | D:3      | Killed Sigmund
  2462 | D:3      | Reached skill level 1 in Dodging
  2462 | D:3      | Reached XP level 5. HP: 42/42 MP: 5/5
  2462 | D:3      | Gained mutation: When seriously injured, your bleeding
                  | wounds create armour. (AC +6) [demonic ancestry]
  2462 | D:3      | Reached XP level 6. HP: 48/48 MP: 6/6
  2523 | D:3      | Noticed Grinder
  2545 | D:3      | Paralysed by Grinder for 4 turns
  2556 | D:3      | Killed from afar by Grinder

Illustrated notes

Levels and vault maps discovered:
D:1:      dpeg_arrival_line_fractal, layout_basic, grunt_decor_mini_mirrors
D:2:      wander_river, layout_basic, grunt_temple_overflow_open,
          lemuel_crystal_altar, uniq_robin
D:3:      layout_basic, chequers_ecumenical_altar_simple,
          grunt_gozag_breadcrumbs, uniq_sigmund, uniq_grinder

Skill      XL: |  1  2  3  4 |
---------------+-------------+-----
Long Blades    | 2 3 |  3.6
Shields        | 3 |  3.9
Armour         | 3 |  3.7
Dodging        | 1 |  1.1
Fighting       | |  3.7
Stealth        | |  0.2

Action                   |  1- 3 |  4- 6 || total
-------------------------+-------+-------++-------
Melee: Long sword        |    76 |    72 ||   148
  Use: Potion            |     1 |     2 ||     3
  Eat: Chunk             |     1 |     4 ||     5
Armor: Scale mail        |    33 |    26 ||    59
Dodge: Dodged            |    29 |    14 ||    43
Block: Kite shield       |    59 |    38 ||    97
       Rpst.: Long sword |     7 |     3 ||    10
